 Dungeon Crawl Stone Soup version 0.24-a0-494-g17ce2c7 (webtiles) character file.

Game seed: 17833330051107281306

105 ArcanElement the Magician (level 4, -3/26 HPs)
             Began as a Deep Elf Wizard on July 12, 2019.
             Slain by Grinder (5 damage)
             ... while paralysed by Grinder
             ... on level 3 of the Dungeon.
             The game lasted 00:06:36 (2872 turns).

ArcanElement the Magician (Deep Elf Wizard)         Turns: 2872, Time: 00:06:37

Health: -3/26      AC:  4    Str:  4    XL:     4   Next: 54%
Magic:  3/13       EV:  2    Int: 29    God:
Gold:   189        SH:  0    Dex: 13    Spells: 3/13 levels left

rFire    . . .     SeeInvis .   w - +3 flail
rCold    . . .     Gourm    +   (no shield)
rNeg     . . .     Faith    .   a - +0 robe
rPois    .         Spirit   .   b - +1 hat
rElec    .         Reflect  .   m - +0 cloak
rCorr    .         Harm     .   (no gloves)
MR       .....                  (no boots)
Stlth    ++........             u - amulet of the gourmand
HPRegen  0.08/turn              t - +5 ring of intelligence
MPRegen  0.13/turn              (no ring)

@: paralysed
A: no striking features
a: no special abilities


You were on level 3 of the Dungeon.
You were hungry.

You visited 1 branch of the dungeon, and saw 3 of its levels.

You collected 189 gold pieces.

Inventory:

Hand Weapons
 c - a +2 club
 n - a +0 dagger
 w - a +3 flail (weapon)
Missiles
 k - 59 arrows
 o - 11 poisoned darts (quivered)
Armour
 a - a +0 robe (worn)
 b - a +1 hat (worn)
 i - a +1 helmet
 m - a +0 cloak (worn)
Jewellery
 t - a +5 ring of intelligence (left hand)
 u - an amulet of the gourmand (around neck)
Scrolls
 f - 2 scrolls of remove curse {unknown}
 j - a scroll of amnesia
 l - a scroll of magic mapping {unknown}
 p - a scroll of fear {unknown}
 q - a scroll of teleportation {unknown}
 v - a scroll of enchant weapon {unknown}
Potions
 e - 3 potions of curing
 g - a potion of mutation
 h - 2 potions of haste
 r - a potion of heal wounds {unknown}
 s - a potion of cancellation {unknown}
Comestibles
 d - 6 rations


   Skills:
 + Level 2.1 Fighting
 + Level 4.2 Dodging
 - Level 2.4 Stealth
 - Level 5.0 Spellcasting
 - Level 1.1 Conjurations
 - Level 1.1 Summonings
 - Level 1.1 Translocations


You had 3 spell levels left.
You knew the following spells:

 Your Spells              Type           Power        Failure   Level  Hunger
a - Magic Dart            Conj           ##..         4%          1    None
b - Blink                 Tloc           N/A          6%          2    None
c - Call Imp              Summ           ##......     6%          2    None
d - Slow                  Hex            #.......     10%         2    None
e - Mephitic Cloud        Conj/Pois/Air  #.......     16%         3    #......

Your spell library contained the following spells:

 Spells                   Type           Power        Failure   Level  Hunger
 Conjure Flame            Conj/Fire      ##......     16%         3    #......


Dungeon Overview and Level Annotations

Branches:
Dungeon (3/15)

Altars:
Dithmenos
Elyvilon
Wu Jian

Annotations:
D:2 2 transporters
D:3 1 runed translucent door, Crazy Yiuf, Grinder


Message History

The stinking cloud engulfs the orc but does no damage.
You hear a shout!
You hear an angry hiss.
You hear a shout!
An orc comes into view.
The orc is engulfed in noxious fumes.
The orc appears confused.
Grinder zaps a wand.
Some rock shatters into small pieces.
Unknown command.
An orc comes into view. It is wielding a +0 whip.
The orc is engulfed in noxious fumes.
The orc appears confused.
You hit the orc.
The orc is severely wounded.
Grinder blinks!
The orc closely misses you.
Grinder says, "Just stop there for a second..."
Grinder gestures at you.
You suddenly lose the ability to move!
The orc hits you with a +0 whip.
Your shadow imp barely misses the orc.
The orc hits you with a +0 whip.
* * * LOW HITPOINT WARNING * * *
Your shadow imp misses the orc.
Grinder hits you.
* * * LOW HITPOINT WARNING * * *
You writhe in agony.
You die...

# . #. ##.# ...######
......>....# ....
#5.#.# #... #@o.##
#...####5..#
#..o..o....#
##..####....#
#..#####..#.#
#......#..##.#
#.####.#..########
#####.####)#..........
#..........##.########


You could see Grinder, an orc and a friendly shadow imp.

Vanquished Creatures
  Robin (D:3)
  3 adders
  A worm (D:3)
  2 dart slugs (D:1)
  A leopard gecko (D:1)
  4 orcs (D:3)
  6 bats
  4 giant cockroaches
  11 goblins
  6 hobgoblins
  2 jackals
  3 kobolds
  6 frilled lizards
  7 rats
57 creatures vanquished.

Vanquished Creatures (collateral kills)
  A dart slug (D:3)
  2 goblins (D:3)
3 creatures vanquished.

Grand Total: 60 creatures vanquished

Notes
Turn   | Place    | Note
-------+----------+-------------------------------------------
     0 | D:1      | ArcanElement the Deep Elf Wizard began the quest for the
                  | Orb.
     0 | D:1      | Reached XP level 1. HP: 10/10 MP: 7/7
   132 | D:1      | Reached skill level 5 in Spellcasting
   142 | D:1      | Reached XP level 2. HP: 15/15 MP: 1/10
   517 | D:1      | Reached skill level 1 in Fighting
   729 | D:2      | Reached XP level 3. HP: 20/20 MP: 5/11
   955 | D:2      | Found a white marble altar of Elyvilon.
   955 | D:2      | Found a shadowy altar of Dithmenos.
  1317 | D:2      | Found a transporter.
  1323 | D:2      | Found a transporter.
  1335 | D:2      | Found an ornate altar of the Wu Jian Council.
  1367 | D:2      | Learned a level 2 spell: Blink
  1370 | D:2      | Learned a level 2 spell: Call Imp
  1373 | D:2      | Learned a level 2 spell: Slow
  1377 | D:2      | Learned a level 3 spell: Mephitic Cloud
  1924 | D:3      | Noticed Robin
  1928 | D:3      | Killed Robin
  1928 | D:3      | Reached XP level 4. HP: 26/26 MP: 0/13
  2741 | D:3      | Found a runed translucent door.
  2742 | D:3      | Noticed Crazy Yiuf
  2844 | D:3      | Noticed Grinder
  2859 | D:3      | Paralysed by Grinder for 4 turns
  2870 | D:3      | Paralysed by Grinder for 5 turns
  2872 | D:3      | Slain by Grinder

Levels and vault maps discovered:
D:1:      dpeg_arrival_renting, layout_basic, minmay_pentomino_v2
D:2:      layout_loops_corners, gammafunk_temple_overflow_arena,
          grunt_temple_overflow_open
D:3:      layout_loops_ring, grunt_temple_overflow_order_and_chaos_1,
          uniq_jessica, uniq_robin, uniq_grinder, uniq_crazy_yiuf_cottage

Skill      XL: |  1  2  3  4 |
---------------+-------------+-----
Spellcasting   | 5 |  5.0
Dodging        | 3 4 |  4.2
Fighting       | 1 2 |  2.1
Stealth        | |  2.4
Conjurations   | |  1.1
Summonings     | |  1.1
Translocations | |  1.1

Action                   |  1- 3 |  4- 6 || total
-------------------------+-------+-------++-------
Melee: Unarmed           |     6 |       ||     6
       Dagger            |     4 |     5 ||     9
       Club              |       |    27 ||    27
       Flail             |       |     1 ||     1
 Cast: Magic Dart        |   100 |    37 ||   137
       Mephitic Cloud    |     1 |     1 ||     2
       Call Imp          |       |     5 ||     5
  Use: Scroll            |     6 |       ||     6
 Stab: Confused          |     2 |       ||     2
  Eat: Chunk             |     1 |     4 ||     5
Armor: Robe              |    15 |    10 ||    25
Dodge: Dodged            |    36 |    40 ||    76

Table legend:
 A = Non-vault XP
 B = Vault XP
 C = Vault XP percentage of total XP
 D = Non-vault monster count
 E = Vault monster count
 F = Vault count percentage of total count
                 A         B        C        D         E       F
            +---------+---------+-------+---------+---------+-------
      Total |     122 |      29 |  19.2 |      50 |      10 |  16.7
            +---------+---------+-------+---------+---------+-------
        D:1 |      36 |       2 |   5.3 |      19 |       1 |   5.0
        D:2 |      36 |       0 |   0.0 |      16 |       0 |   0.0
        D:3 |      50 |      27 |  35.1 |      15 |       9 |  37.5
            +---------+---------+-------+---------+---------+-------
